 Dungeon Crawl Stone Soup version 0.30-a0-739-gea05faddec (webtiles) character file.

Game seed: 12400250748968778999

4326 NinjaNoafa the Cleaver (level 10, -6/88 HPs)
             Began as a Hill Orc Fighter on Feb 3, 2023.
             Was a Follower of Fedhas.
             Mangled by a rust devil (9 damage)
             ... summoned by a kobold demonologist
             ... in a bailey on Feb 5, 2023.
             The game lasted 00:25:12 (7502 turns).

NinjaNoafa the Cleaver (Hill Orc Fighter)           Turns: 7502, Time: 00:25:13

Health: -6/88      AC:  2    Str: 20    XL:     10   Next: 33%
Magic:  13/13      EV:  7    Int:  8    God:    Fedhas [*.....]
Gold:   275        SH: 10    Dex: 14    Spells: 9/9 levels left

rFire   . . .      SeeInvis .    K - +0 broad axe
rCold   . . .      Faith    .    c - +0 buckler
rNeg    . . .      Spirit   .    G - +0 plate armour
rPois   .          Reflect  +    (no helmet)
rElec   .          Harm     .    z - +0 cloak
rCorr   .          Rampage  .    v - +1 pair of gloves
Will    .....                    w - +0 pair of boots Stlth
                                 r - amulet "Gynarom" {Reflect Fly SH+5}
HPRegen 0.34/turn                u - +4 ring of protection
MPRegen 0.13/turn                (no ring)

@: spiked, corroded, flying
A: no striking features
a: Renounce Religion


You were in a bailey.
You worshipped Fedhas.
Fedhas was aware of your devotion.
You visited 2 branches of the dungeon, and saw 8 of its levels.
You also visited: Bailey.

You collected 275 gold pieces.

Inventory:

Hand Weapons
 K - a +0 broad axe (weapon)
Missiles
 h - 6 boomerangs
 n - 17 poisoned darts
 A - 5 atropa-tipped darts (quivered)
 B - 2 javelins
Armour
 c - a +0 buckler (worn)
 v - a +1 pair of gloves (worn)
 w - a +0 pair of boots (worn)
 z - a +0 cloak (worn)
 G - a +0 plate armour (worn)
Jewellery
 r - the amulet "Gynarom" (around neck) {Reflect Fly SH+5}
   (You acquired it in a bailey)

   [amulet of reflection]

   It reflects blocked missile attacks.
   Fly:       It grants you flight.
   SH:        It affects your SH (+5).
 u - a +4 ring of protection (left hand)
 J - the Hermit's Pendant {Faith Invo=14 Evo=0 MP+5}
   (You found it on level 5 of the Dungeon)

   [amulet of faith]

   Invo=14: It sets your Invocations skill to 14.
   Evo=0: It sets your Evocations skill to 0.
   It allows you to gain divine favour quickly.
   MP:        It affects your magic capacity (+5).
Wands
 p - a wand of acid (6)
 y - a wand of flame (31)
 C - a wand of charming (10)
 D - a wand of roots (17)
Scrolls
 b - a scroll of poison {unknown}
 g - a scroll of fear
 j - 2 scrolls of silence
 k - a scroll of blinking
 l - 2 scrolls of noise {unknown}
 q - 2 scrolls of teleportation
 t - 2 scrolls of immolation {unknown}
 x - 2 scrolls of fog {unknown}
 H - a scroll of brand weapon {unknown}
 I - a scroll of vulnerability {unknown}
 L - a scroll of enchant armour {unknown}
Potions
 e - a potion of invisibility {unknown}
 f - a potion of berserk rage {unknown}
 i - a potion of cancellation {unknown}
 m - a potion of haste {unknown}
 o - a potion of attraction {unknown}
 s - 2 potions of flight {unknown}
 E - a potion of ambrosia {unknown}
 F - a potion of brilliance


   Skills:
 - Level 8.0 Fighting
 + Level 12.3 Axes
 - Level 8.0 Armour
 - Level 3.2 Dodging
 - Level 6.0 Shields
 - Level 4.2 Invocations
 - Level 1.2 Evocations


You had 9 spell levels left.
You didn't know any spells.
Your spell library contained the following spells:

 Spells                   Type           Power      Damage    Failure   Level
 Apportation              Tloc           0%         N/A       100%        1
 Beastly Appendage        Tmut           0%         N/A       100%        1
 Wereblood                Tmut           0%         N/A       100%        2
 Spider Form              Tmut/Pois      0%         N/A       100%        3
 Anguish                  Hex/Necr       0%         N/A       100%        4
 Alistair's Intoxication  Tmut/Pois      0%         N/A       100%        5
 Enfeeble                 Hex            0%         N/A       100%        7


Dungeon Overview and Level Annotations

Branches:
Dungeon (7/15)             Temple (1/1) D:5          Bailey (1/1)

Altars:
Ashenzari
Cheibriados
Dithmenos
Elyvilon
Fedhas
Gozag
Hepliaklqana
Kikubaaqudgha
Nemelex Xobeh
Okawaru
Qazlal
Ru
Sif Muna
Trog
Uskayaw
Vehumet
Yredelemnul
Zin
The Shining One

Annotations:
D:5 3 runed translucent doors, dialectric's ghost, amateur GrFi


Message History

Aim: a kobold demonologist, wielding a +0 battleaxe and wearing a +0 scale mail (severely wounded, unusually resistant, about 41% to evade your +0 broad axe)
You hit the kobold demonologist but do no damage.
The kobold demonologist is severely wounded.
You hit the shadow imp.
You hit the rust devil but do no damage.
The kobold demonologist hits you with a +0 battleaxe!
* * * LOW HITPOINT WARNING * * *
The shadow imp hits you.
* * * LOW HITPOINT WARNING * * *
The rust devil hits you. The rust devil corrodes you!
You feel better.
The kobold demonologist casts a spell.
The crimson imp blinks!
The shadow imp hits you but does no damage.
You block the rust devil's attack.
You hit the kobold demonologist but do no damage.
The kobold demonologist is severely wounded.
You barely miss the shadow imp. You barely miss the red devil.
You closely miss the rust devil.
You block the kobold demonologist's attack.
The rust devil hits you!
* * * LOW HITPOINT WARNING * * *
The rust devil corrodes you! The shadow imp hits you.
* * * LOW HITPOINT WARNING * * *
The red devil hits you with a +0 trident.
* * * LOW HITPOINT WARNING * * *
Barbed spikes become lodged in your body.
Aiming: Fastroot
Press: ? - help, Shift-Dir - straight line, f/p - kobold demonologist
Aim: a kobold demonologist, wielding a +0 battleaxe and wearing a +0 scale mail (severely wounded, unusually resistant)
The roots erupt in riotous growth!
Roots grab the kobold demonologist.
Roots grab the shadow imp.
Roots grab the rust devil.
The grasping roots constrict the kobold demonologist!
The grasping roots constrict the rust devil, but do no damage.
The grasping roots constrict the shadow imp.
The kobold demonologist barely misses you.
The rust devil hits you!
You die...
Fedhas appreciates your contribution to the ecosystem.

≈≈≈≈≈######~~~~~~~~~~~######≈≈≈≈≈
≈≈≈≈≈#.'.[).....∩........'.#≈≈≈≈≈
≈≈≈≈≈###..######.######..###≈≈≈≈≈
≈≈≈≈≈#....#)).#...#...#....#≈≈≈≈≈
≈≈≈≈≈#....#)).#...#...#.)K.#≈≈≈≈≈
≈≈≈≈≈#'#)##'###8.8###'##[#'#≈≈≈≈≈
≈≈≈≈≈~.#..#. #...# .#.)#.~≈≈≈≈≈
≈≈≈≈≈~.#..## #8.8# ##..#.~≈≈≈≈≈
≈≈≈≈≈~.#..# #4@4# #..#.~≈≈≈≈≈
≈≈≈≈≈~.#..# #K5.# #..#.~≈≈≈≈≈
≈≈≈≈≈~.#..# ##'## #.)#.~≈≈≈≈≈
≈≈≈≈≈~.##+# .§5 #)##.~≈≈≈≈≈
≈≈≈≈≈~.#..# ._. #.)#.†≈≈≈≈≈
≈≈≈≈≈~.#.8# ..... #8.#.~≈≈≈≈≈
≈≈≈≈≈~.#..# ..... #..#.~≈≈≈≈≈
≈≈≈≈≈))#.8#############8.#.~≈≈≈≈≈
≈≈≈≈≈~.#.....#######.....#.~≈≈≈≈≈


You could see a rust devil (summoned, rooted), a kobold demonologist (resistant,
rooted), a red devil (summoned), a crimson imp (summoned) and a shadow imp
(summoned, rooted).

Vanquished Creatures
  An orc knight (Bailey)
  Grinder (D:3)
  Eustachio (D:4)
  A steam dragon (D:6)
  Menkaure (D:7)
  A water moccasin (D:6)
  An acid dragon (D:7)
  A sky beast (D:5)
  A black bear (D:6)
  10 orc warriors
  2 ogres (D:6)
  2 bullfrogs
  2 scorpions
  4 wights (D:6)
  A howler monkey (D:5)
  5 electric eels (Bailey)
  2 orc priests
  5 hounds
  2 jellies (D:5)
  3 iguanas
  An orc wizard (D:7)
  Natasha (thrice) (D:4)
  7 adders
  12 gnolls
  A shadow imp (D:6)
  A white imp (D:5)
  2 worms (D:4)
  3 dart slugs
  14 orcs
  6 endoplasms
  4 giant cockroaches
  14 goblins
  11 hobgoblins
  4 jackals
  8 kobolds
  A quokka (D:4)
  8 ball pythons
  2 bats (D:2)
  5 frilled lizards
  6 rats
160 creatures vanquished.

Vanquished Creatures (collateral kills)
  An orc sorcerer (Bailey)
  A hobgoblin (Bailey)
2 creatures vanquished.

Vanquished Creatures (others)
  An orc wizard (D:7)
  41 plants
42 creatures vanquished.

Grand Total: 204 creatures vanquished

Notes
Turn   | Place    | Note
-------+----------+-------------------------------------------
     0 | D:1      | NinjaNoafa the Hill Orc Fighter began the quest for the
                  | Orb.
     0 | D:1      | Reached XP level 1. HP: 19/19 MP: 1/1
    83 | D:1      | Reached skill level 3 in Axes
   175 | D:1      | Reached XP level 2. HP: 22/26 MP: 2/2
   333 | D:1      | Found a faded altar of an unknown god.
   468 | D:1      | Reached skill level 4 in Axes
   667 | D:2      | You fall into a shaft and drop 2 floors!
   694 | D:3      | Reached XP level 3. HP: 20/31 MP: 3/3
   782 | D:3      | Found a glowing golden altar of the Shining One.
   800 | D:3      | Found an ancient bone altar of Kikubaaqudgha.
   903 | D:3      | Reached skill level 5 in Axes
   903 | D:3      | Reached XP level 4. HP: 40/40 MP: 4/4
  1012 | D:3      | Noticed Grinder
  1034 | D:3      | Paralysed by Grinder for 5 turns
  1041 | D:3      | Paralysed by Grinder for 3 turns
  1046 | D:3      | Killed Grinder
  1047 | D:3      | Reached XP level 5. HP: 38/47 MP: 5/5
  1047 | D:3      | Reached XP level 6. HP: 43/53 MP: 6/6
  1739 | D:2      | Reached skill level 6 in Axes
  2427 | D:4      | Reached skill level 5 in Fighting
  2747 | D:4      | Noticed Eustachio
  2773 | D:4      | Killed Eustachio
  2774 | D:4      | Reached XP level 7. HP: 55/61 MP: 7/7
  2896 | D:4      | Found a radiant altar of Vehumet.
  3160 | D:4      | Noticed Natasha
  3168 | D:4      | Killed Natasha
  3169 | D:4      | Reached skill level 5 in Shields
  3173 | D:4      | Reached skill level 5 in Armour
  3357 | D:4      | Noticed Natasha
  3364 | D:4      | Killed Natasha
  3530 | D:4      | Noticed Natasha
  3535 | D:4      | Killed Natasha
  3557 | D:5      | Entered Level 5 of the Dungeon
  3661 | D:5      | Reached skill level 7 in Axes
  3731 | D:5      | Noticed dialectric's ghost (amateur GrFi)
  3736 | D:5      | Found a runed translucent gate.
  3736 | D:5      | Found a runed translucent gate.
  3736 | D:5      | Found a runed translucent gate.
  3739 | D:5      | Noticed a vampire
  3789 | D:5      | Found a staircase to the Ecumenical Temple.
  3803 | Temple   | Entered the Ecumenical Temple
  3943 | Temple   | Became a worshipper of Fedhas Madash
  4017 | D:6      | Reached XP level 8. HP: 55/70 MP: 8/8
  4116 | D:5      | Reached skill level 1 in Evocations
  4218 | D:5      | Found a faded altar of an unknown god.
  4218 | D:5      | Found the Hermit's Pendant {Faith Invo=14 Evo=0 MP+5}
  4473 | D:5      | Upgraded the game from 0.30-a0-738-g116ff8c4af to
                  | 0.30-a0-739-gea05faddec
  4552 | D:6      | Reached skill level 1 in Invocations
  5217 | D:6      | Reached skill level 8 in Axes
  5250 | D:6      | Reached skill level 9 in Axes
  5501 | D:6      | Reached skill level 10 in Axes
  5501 | D:6      | Reached XP level 9. HP: 75/75 MP: 19/19
  5535 | D:6      | Reached * piety under Fedhas
  5714 | D:6      | Found a large runed translucent door.
  5716 | D:6      | Found a large runed translucent door.
  5962 | D:6      | Found a snail-covered altar of Cheibriados.
  5977 | D:6      | Reached skill level 11 in Axes
  6020 | D:6      | Found a broken altar of Ashenzari.
  6077 | D:7      | Noticed Menkaure
  6095 | D:7      | Killed Menkaure
  6100 | D:7      | Reached skill level 12 in Axes
  6121 | D:7      | Found a flagged portal.
  6141 | Bailey   | Entered a bailey
  6359 | Bailey   | Reached ** piety under Fedhas
  6455 | Bailey   | Noticed an orc knight
  6460 | Bailey   | Noticed an orc sorcerer
  6467 | Bailey   | Killed an orc sorcerer
  6468 | Bailey   | Reached skill level 1 in Dodging
  6494 | Bailey   | Noticed a kobold demonologist
  6496 | Bailey   | Noticed an orange demon
  6777 | Bailey   | Reached XP level 10. HP: 72/86 MP: 20/20
  7008 | Bailey   | Acquired the amulet "Gynarom" {Reflect Fly SH+5}
  7044 | Bailey   | Killed an orc knight
  7478 | Bailey   | Found an iron altar of Okawaru.
  7489 | Bailey   | Noticed a rust devil
  7501 | Bailey   | HP: 3/88 [red devil/+0 trident[a kobold demonologist] (5)]
  7502 | Bailey   | Mangled by a rust devil

Illustrated notes

Levels and vault maps discovered:
D:1:      tekkud_arrival_beachfront_property, layout_rooms,
          hellmonk_ecumenical_altar_run_dry
D:2:      layout_basic, skrybe_limestone_x
D:3:      layout_basic, mainiacjoe_overflow_catch_the_wave,
          lexackson_kobold_supper, uniq_grinder, uniq_crazy_yiuf_cottage
D:4:      layout_loops_ring, vehumet_altar_wand_db, uniq_natasha, uniq_eustachio
D:5:      layout_rooms, minmay_temple_entry_trees, gammafunk_ghost_split,
          serial_bayou_lagoon_a, hellmonk_guarded_unrand_hermit
D:6:      layout_loops_corners, jmf_multi_god_temple2, minivault_25,
          dreamdust_princess_corridor, hangedman_decor_diamond_cutter
D:7:      layout_cave_pools, enter_bailey_5, uniq_prince_ribbit1, uniq_menkaure
Temple:   nicolae_temple_superstar
Bailey:   bailey_axe_of_yendor_kennysheep, bailey

Skill      XL: |  1  2  3  4  5  6  7  8  9 10 |
---------------+-------------------------------+-----
Axes           | 3 4 5 6 7 10 12 | 12.3
Fighting       | 4 5 6 7 8 |  8.0
Armour         | 4 5 6 7 8 |  8.0
Shields        | 4 5 6 |  6.0
Evocations     | 1 |  1.2
Invocations    | 4 |  4.2
Dodging        | 2 3 |  3.2

Action                     |  1- 3 |  4- 6 |  7- 9 | 10-12 || total
---------------------------+-------+-------+-------+-------++-------
  Melee: War axe           |    84 |   109 |   345 |    66 ||   604
         Broad axe         |       |       |       |    35 ||    35
  Throw: Dart              |       |       |     5 |     2 ||     7
         Boomerang         |       |       |     7 |     4 ||    11
  Evoke: Wand              |       |       |    23 |     4 ||    27
    Use: Potion            |       |     2 |     3 |     1 ||     6
         Scroll            |       |     1 |    10 |     1 ||    12
 Armour: Scale mail        |    43 |    35 |       |       ||    78
         Chain mail        |       |    36 |   159 |       ||   195
         Ring mail         |       |       |    76 |     8 ||    84
         Plate armour      |       |       |       |    22 ||    22
  Dodge: Dodged            |    45 |    54 |   154 |    21 ||   274
  Block: Buckler           |    14 |    29 |    92 |    36 ||   171

Table legend: (Time is in decaauts)
 A = Elapsed time spent in this place.
 B = Non-inter-level travel time spent in this place.
 C = Inter-level travel time spent in this place.
 D = Time resting spent in this place.
 E = Time spent auto-exploring this place.
 F = Levels seen in this place.
 G = Mean time per level.
                   A        B        C        D        E       F      G
               +--------+--------+--------+--------+--------+-----+--------+
         Total |   7615 |   7050 |    565 |    177 |   5074 |   9 |  846.1 |
       Dungeon |   6100 |   5580 |    520 |     85 |   4071 |   7 |  871.4 |
        Temple |    159 |    114 |     45 |      0 |    100 |   1 |  159.0 |
        Bailey |   1355 |   1355 |      0 |     92 |    903 |   1 | 1355.0 |
               +--------+--------+--------+--------+--------+-----+--------+

Top non-repeatable levels by time:
     D:6: 1471 daAuts
  Bailey: 1355 daAuts
     D:4: 1185 daAuts
     D:3: 1055 daAuts
     D:2: 860 daAuts
     D:5: 811 daAuts
     D:1: 630 daAuts
  Temple: 159 daAuts
     D:7: 86 daAuts
